Cogmind - Beta 13 @@@ ROGUE MODE // 2024.04.15 @ 21:03:50 Player: PeeBee Result: Destroyed by H-55 Commando with Gauss Rifle Performance ------------- Evolutions (3) 1500 Regions Visited (5) 1000 Robots Destroyed (40) 200 Value Destroyed (1225) 1225 Prototype IDs (0) 0 Alien Tech Used (0) 0 Bonus (117) 117 TOTAL SCORE: 4042 Bonus ------- High Alert Combat Kills 57 Follower Combat Kills 60 Cogmind --------- Core Integrity 0/700 Matter 128/300 Energy 99/100 System Corruption 13% Temperature Cool (0) Movement Core (50) Location -7/Factory Parts ------- > --- POWER (2) -------- (None) > --- PROPULSION (3) --- (None) > --- UTILITY (5) ------ (None) > --- WEAPON (3) ------- (None) > --- INVENTORY (5) ---- Small Storage Unit Peak State ------------ > --- POWER ------------ Micro Nuclear Core > --- PROPULSION ------- (None) > --- UTILITY ---------- Improved Heat Sink Improved Heat Sink Small Storage Unit Advanced Visual Processing Unit Target Analyzer > --- WEAPON ----------- Advanced Assault Cannon Remote Datajack > --- INVENTORY -------- Small Storage Unit [Rating: 25] Favorites ----------- Power Light Ion Engine Engine Light Ion Engine Power Core Micro Nuclear Core Propulsion Light Treads Treads Light Treads Leg Aluminum Leg Utility Small Storage Unit Device Improved Heat Sink Storage Small Storage Unit Processor Advanced Visual Processing Unit Protection Improved Light Armor Plating Weapon Makeshift Axe Ballistic Gun Assault Rifle Ballistic Cannon Advanced Assault Cannon Launcher Grenade Launcher Special Weapon Mining Laser Slashing Weapon Makeshift Axe Build | -11 -10 -10 -9 -8 -7 ------- Run | Yrd Mat Min Mat Mat Fac Slots Evolved 6 | . . . 2 2 2 Power 1 | . . . . 1 . Propulsion 1 | . . . . . 1 Utility 3 | . . . 1 1 1 Weapon 1 | . . . 1 . . Parts Attached 40 | 6 3 2 4 13 12 Power 5 | 1 . 1 1 . 2 Engine 3 | 1 . 1 1 . . Core 2 | . . . . . 2 Reactor . | . . . . . . Propulsion 7 | 2 . . 2 3 . Treads 5 | 2 . . 2 1 . Leg 2 | . . . . 2 . Wheel . | . . . . . . Hover . | . . . . . . Flight . | . . . . . . Utility 12 | 1 1 . . 6 4 Device 5 | . . . . 2 3 Storage 3 | 1 1 . . 1 . Processor 3 | . . . . 2 1 Hackware . | . . . . . . Protection 1 | . . . . 1 . Artifact . | . . . . . . Weapon 16 | 2 2 1 1 4 6 Energy Gun . | . . . . . . Energy Cannon . | . . . . . . Ballistic Gun 6 | 2 1 . . 2 1 Ballistic Cannon 1 | . . . . . 1 Launcher 5 | . 1 . 1 1 2 Special Weapon 3 | . . . . 1 2 Impact Weapon . | . . . . . . Slashing Weapon 1 | . . 1 . . . Piercing Weapon . | . . . . . . Special Melee Weapon . | . . . . . . Unidentified Prototypes . | . . . . . . Corrupted Parts 1 | . . . . . 1 System Corruption 1 | . . . . . 1 Parts Lost 28 | . . . 3 11 14 Power 3 | . . . 1 1 1 Propulsion 5 | . . . 1 4 . Utility 9 | . . . . 2 7 Weapon 11 | . . . 1 4 6 Highest Loss Streak 7 | . . . 2 5 7 To Critical Strikes . | . . . . . . Average Slot Usage (%) 68 | . 98 100 78 66 45 Engine 5 | . 14 14 10 2 . Core 1 | . . . . . 3 Treads 10 | . 28 28 22 4 . Device 5 | . . . . 2 12 Storage 17 | . 26 28 22 18 9 Processor 4 | . . . . 8 7 Protection 1 | . . . . 4 . Ballistic Gun 7 | . 15 22 3 9 2 Launcher 5 | . 12 . 9 5 2 Special Weapon 2 | . . . . 1 5 Slashing Weapon 3 | . . 5 11 7 . Naked Turns 15 | . . . . . 15 Heaviest Build 26 | 11 15 17 18 18 26 Greatest Support 40 | 40 40 40 40 40 3 Greatest Overweight (x) 8 | . . . . 5 8 Average Overweight (x) 1 | . . . . 1 4 Largest Inventory Capacity 8 | 8 8 8 8 8 8 Average Capacity 7 | 6 8 8 8 8 7 Most Carried 7 | . 2 5 6 7 2 Average Carried 2 | . 1 3 5 2 1 Final Capacity 8 | 8 8 8 8 8 5 Final Carried 6 | . 2 5 6 1 1 Class Distribution -------------------- 77% | Mutant 17% | Scavenger-Mutant 4% | Gunner Dominant Class ---------------- Mutant | -10/Materials Mutant | -10/Mines Mutant | -9/Materials Mutant | -8/Materials Scavenger-Mutant | -7/Factory Resources | -11 -10 -10 -9 -8 -7 ----------- Run | Yrd Mat Min Mat Mat Fac Matter Collected 889 | 246 118 33 98 318 76 Remotely 49 | . . . . 49 . Salvage Created 954 | . 184 . 309 352 109 Parts 68 | . 20 . 26 16 6 Haulers Intercepted 1 | . . . 1 . . Recyclers Shooed 2 | . . . . 2 . Parts Field Recycled . | . . . . . . Retrieved Matter . | . . . . . . Parts Self-Destructed . | . . . . . . Prevented . | . . . . . . Kills | -11 -10 -10 -9 -8 -7 ------- Run | Yrd Mat Min Mat Mat Fac Combat Hostiles Destroyed 26 | . 5 . 9 10 2 Melee 1 | . . . . . 1 Guns 7 | . 1 . 1 5 . AOE 18 | . 4 . 8 5 1 Classes Destroyed 11 | . 3 . 5 2 1 Worker 6 | . 1 . 4 1 . Builder 1 | . . . 1 . . Tunneler 1 | . 1 . . . . Hauler 1 | . . . 1 . . Recycler 2 | . . . . 1 1 Watcher 3 | . . . 3 . . Swarmer 3 | . . . 3 . . Grunt 14 | . 5 . 3 6 . Sentry 5 | . . . 3 2 . Hunter 2 | . . . . 2 . Programmer 1 | . . . . . 1 Thug 1 | . . . . . 1 Best Kill Streak 13 | . 4 . 13 3 2 Combat Bots Only 7 | . 3 . 7 3 1 Max Kills in Single Turn 2 | . 2 . 2 2 2 Gunslinging . | . . . . . . Exploded 2 | . 1 . 2 2 1 Melee 1 | . . . . . 1 Uniques/NPCs Destroyed . | . . . . . . Combat | -11 -10 -10 -9 -8 -7 -------- Run | Yrd Mat Min Mat Mat Fac Hostile Shots Fired 264 | . 25 . 53 83 103 Missed 69 | . 6 . 19 19 25 Damage Taken 3810 | . 258 . 663 1374 1515 Core 1335 | . 32 . 243 349 711 Absorbed by Shields . | . . . . . . Core Remaining (%) 65 | 100 . 87 39 36 . Volleys Fired 100 | . 7 2 23 61 7 Largest 2 | . 2 1 2 2 2 Hottest 128 | . 50 20 50 128 78 Shots Fired 137 | . 14 2 27 86 8 Gun 86 | . 7 2 8 66 3 Cannon 1 | . . . . . 1 Launcher 48 | . 7 . 19 19 3 Special 2 | . . . . 1 1 Kinetic 87 | . 7 2 8 66 4 Thermal 1 | . . . . 1 . Explosive 48 | . 7 . 19 19 3 Electromagnetic . | . . . . . . Robot Hit Streak 7 | . 5 1 5 7 2 Robot Miss Streak 3 | . 2 1 2 3 3 Penetration Max 1 | . . . . 1 . Secondary Targets . | . . . . . . Shots Hit Robots 88 | . 10 1 18 56 3 Core Hits 92 | . 12 . 29 38 13 Critical Kills 1 | . . . . 1 . Critical Parts Destroyed . | . . . . . . Critical Strikes 1 | . . . . 1 . Destroy 1 | . . . . 1 . Melee Attacks . | . . . . . . Impact . | . . . . . . Slashing . | . . . . . . Piercing . | . . . . . . Sneak Attacks . | . . . . . . Combat Hostiles . | . . . . . . Follow-up Attacks . | . . . . . . Damage Inflicted 3456 | . 350 12 1255 1450 389 Guns 708 | . 63 12 72 538 23 Cannons . | . . . . . . Explosions 2628 | . 287 . 1183 888 270 Melee . | . . . . . . Ramming 96 | . . . . . 96 Kinetic 708 | . 63 12 72 538 23 Thermal 24 | . . . . 24 . Explosive 2611 | . 287 . 1183 888 253 Electromagnetic 17 | . . . . . 17 Impact . | . . . . . . Slashing . | . . . . . . Piercing . | . . . . . . Highest Corruption 13 | . . . . 5 13 Average Corruption 8 | . . . . 5 9 Corruption Purged . | . . . . . . Corruption Blocked . | . . . . . . Effects 25 | . . . . 3 22 Message Errors 5 | . . . . 1 4 Matter Fused 4 | . . . . . 4 Heat Flow Errors 3 | . . . . . 3 Energy Discharges 5 | . . . . 2 3 Data Loss (minor) 4 | . . . . . 4 Alerts 1 | . . . . . 1 Misdirections 3 | . . . . . 3 Overload Shots . | . . . . . . Overflow Damage 106 | . . . 48 36 22 Projectiles 11 | . . . . 11 . Explosions 95 | . . . 48 25 22 Melee . | . . . . . . Knockbacks . | . . . . . . Impact . | . . . . . . Kinetic . | . . . . . . Secondary . | . . . . . . Self-Inflicted Damage 511 | . 26 . 189 75 221 Shots 13 | . 2 . 5 2 4 Rammed 40 | . . . . . 40 Targets Rammed 40 | . . . . . 40 Kicked . | . . . . . . Crushed . | . . . . . . Highest Temperature 181 | . 17 . 4 17 181 Average Temperature 24 | . 6 . 1 9 99 Received Heat Transfer 651 | . 144 . 183 279 45 Siege Activations . | . . . . . . Robots Corrupted . | . . . . . . Combat Hostiles . | . . . . . . Parts Fried . | . . . . . . Impact Corruptions . | . . . . . . Robots Melted . | . . . . . . Combat Hostiles . | . . . . . . Parts Melted 1 | . . . 1 . . Heat Transferred 50 | . . . . 50 . Parts Sabotaged . | . . . . . . Parts Stolen . | . . . . . . Parts Stripped . | . . . . . . Power Chain Reactions . | . . . . . . Alert | -11 -10 -10 -9 -8 -7 ------- Run | Yrd Mat Min Mat Mat Fac Peak Influence 504 | . 159 114 471 504 226 Initial 198 | . . 61 44 198 158 Average 172 | . 67 70 312 382 78 Maximum Alert Level 2 | . . . 2 2 1 Low Security (%) 67 | 100 100 100 31 1 97 Level 1 16 | . . . 25 53 2 Level 2 16 | . . . 42 45 . Level 3 . | . . . . . . Level 4 . | . . . . . . Level 5 . | . . . . . . High Security . | . . . . . . Max Security . | . . . . . . Squads Dispatched 5 | . 1 . . 3 1 Investigation 1 | . 1 . . . . Extermination 1 | . . . . . 1 Reinforcement 1 | . . . . 1 . Assault . | . . . . . . Garrison 2 | . . . . 2 . Intercept . | . . . . . . Searches Triggered . | . . . . . . Construction Impeded . | . . . . . . Haulers Reinforced . | . . . . . . Active Scanning Responses . | . . . . . . Cargo Convoy Interrupts . | . . . . . . Stealth | -11 -10 -10 -9 -8 -7 --------- Run | Yrd Mat Min Mat Mat Fac Distress Signals 6 | . 2 . 4 . . Communications Jammed . | . . . . . . Distress Signals . | . . . . . . Times Spotted 36 | . 4 2 13 14 3 Peak Tracking Total 9 | . 2 1 9 3 2 Tactical Retreats . | . . . . . . Traps | -11 -10 -10 -9 -8 -7 ------- Run | Yrd Mat Min Mat Mat Fac Traps Triggered 2 | . . . . . 2 Indirectly . | . . . . . . Trap Hack Attempts . | . . . . . . Triggered . | . . . . . . Disarmed . | . . . . . . Reprogrammed . | . . . . . . Reused . | . . . . . . Traps Extracted . | . . . . . . Installed . | . . . . . . Triggered . | . . . . . . Machines | -11 -10 -10 -9 -8 -7 ---------- Run | Yrd Mat Min Mat Mat Fac Machines Disabled 9 | . . . 3 2 4 Max in Single Turn 2 | . . . 1 1 2 Machines Repaired . | . . . . . . Machines Dismantled . | . . . . . . Machines Sabotaged . | . . . . . . Overloaded Fab Kills . | . . . . . . Hacking | -11 -10 -10 -9 -8 -7 --------- Run | Yrd Mat Min Mat Mat Fac Machines Accessed 1 | . . . 1 . . Terminals 1 | . . . 1 . . Fabricators . | . . . . . . Repair Stations . | . . . . . . Recycling Units . | . . . . . . Scanalyzers . | . . . . . . Garrison Access . | . . . . . . Total Hacks 1 | . . . 1 . . Successful . | . . . . . . Failed 1 | . . . 1 . . Catastrophic 1 | . . . 1 . . Database Lockouts . | . . . . . . Manual . | . . . . . . Terminals 1 | . . . 1 . . Fabricators . | . . . . . . Repair Stations . | . . . . . . Recycling Units . | . . . . . . Scanalyzers . | . . . . . . Garrison Access . | . . . . . . Terminal Hacks . | . . . . . . Fabricator Hacks . | . . . . . . Repair Station Hacks . | . . . . . . Recycling Unit Hacks . | . . . . . . Scanalyzer . | . . . . . . Garrison Access Hacks . | . . . . . . Unauthorized Hacks . | . . . . . . Terminals . | . . . . . . Fabricators . | . . . . . . Repair Stations . | . . . . . . Recycling Units . | . . . . . . Scanalyzers . | . . . . . . Garrison Access . | . . . . . . Data Cores Recovered 1 | . . . 1 . . Used . | . . . . . . Hacking Detections . | . . . . . . Full Trace Events . | . . . . . . Feedback Events . | . . . . . . Feedback Blocked . | . . . . . . Robot Schematics Acquired . | . . . . . . Robots Built . | . . . . . . Authchips . | . . . . . . Time . | . . . . . . Total Robot Build Rating . | . . . . . . Part Schematics Acquired . | . . . . . . Parts Built . | . . . . . . Authchips . | . . . . . . Time . | . . . . . . Total Part Build Rating . | . . . . . . Parts Repaired . | . . . . . . Time . | . . . . . . Parts Recycled . | . . . . . . Recycled Matter . | . . . . . . Retrieved Matter . | . . . . . . Retrieved Components . | . . . . . . Parts Scanalyzed . | . . . . . . Part Schematics Acquired . | . . . . . . Parts Damaged . | . . . . . . Bothacking | -11 -10 -10 -9 -8 -7 ------------ Run | Yrd Mat Min Mat Mat Fac Used RIF Installer . | . . . . . . Robots Hacked 1 | . . . . . 1 Non-combat 1 | . . . . . 1 Combat . | . . . . . . Robot Hacks Applied 1 | . . . . . 1 parse_system 1 | . . . . . 1 Relay Couplers Released . | . . . . . . Fabnet Peak Effective % . | . . . . . . Robots Rewired . | . . . . . . Allies Hacked . | . . . . . . Hacks Repelled . | . . . . . . Allies | -11 -10 -10 -9 -8 -7 -------- Run | Yrd Mat Min Mat Mat Fac Total Allies 1 | . . 1 . . . Largest Group 1 | . . 1 1 . . Highest-Rated Group 31 | . . 31 31 . . Highest-Rated Ally 31 | . . 31 31 . . Total Orders . | . . . . . . Ally Attacks 6 | . . 5 1 . . Total Damage 127 | . . 107 20 . . Kills 3 | . . 2 1 . . Allies Corrupted . | . . . . . . Allies Melted . | . . . . . . Intel | -11 -10 -10 -9 -8 -7 ------- Run | Yrd Mat Min Mat Mat Fac Robot Analysis Total . | . . . . . . Derelict Logs Recovered . | . . . . . . Drone Launches . | . . . . . . Drone Recoveries . | . . . . . . Exploration | -11 -10 -10 -9 -8 -7 ------------- Run | Yrd Mat Min Mat Mat Fac Turns Passed 2551 | 137 348 209 368 562 927 Spaces Moved 1117 | 85 201 126 196 201 308 Core 385 | 6 . . . 71 308 Treads 670 | 79 201 126 196 68 . Legs 62 | . . . . 62 . Wheels . | . . . . . . Hover . | . . . . . . Flight . | . . . . . . Fastest Speed 50 | 50 160 160 160 120 50 Average Speed 197 | 152 160 160 160 201 272 Slowest Speed 450 | 160 160 160 160 300 450 Overloaded Moves . | . . . . . . Propulsion Burnouts . | . . . . . . Robots Hopped . | . . . . . . Cave-ins Triggered 1 | . . . . 1 . Exploration Rate (%) 18 | 6 35 30 15 21 6 Regions Visited 5 Branch Regions 1 Pre-discovered Areas . | . . . . . . Known Exits Taken . | . . . . . . Unknown Exits Taken 5 | 1 1 1 1 1 . Scrap Searched . | . . . . . . Spaces Dug . | . . . . . . Terrain Destroyed 309 | . 25 . 116 144 24 Melee . | . . . . . . Projectile . | . . . . . . AOE 309 | . 25 . 116 144 24 Terrain Rammed . | . . . . . . Walls Destroyed . | . . . . . . Machines Disabled . | . . . . . . Actions | -11 -10 -10 -9 -8 -7 --------- Run | Yrd Mat Min Mat Mat Fac Total 1307 | 90 212 131 222 278 374 Wait 5 | . . . . . 5 Move 1112 | 84 200 125 195 200 308 Hop . | . . . . . . Pick Up 5 | . 2 2 . . 1 Fast Attach 27 | 6 1 . 3 7 10 Attach 6 | . . . . 5 1 Detach 3 | . . . . 2 1 Swap 7 | . 2 2 1 1 1 Drop 2 | . . . . 2 . Fire 100 | . 7 2 23 61 7 Melee . | . . . . . . Ram 40 | . . . . . 40 Kick . | . . . . . . Crush . | . . . . . . Escape Stasis . | . . . . . . Rewire . | . . . . . . Trap . | . . . . . . Miscellaneous . | . . . . . . Route ------- -11/Scrapyard -10/Materials (discovered 2 exits: *Mat / [*Min]) -10/Mines -9/Materials -8/Materials -7/Factory History --------- Turn | Location | Event 4 | -11/Scrapyard | Discovered new exit (range 16) 138 | -11/Scrapyard | Entered Materials 308 | -10/Materials | Build established: Mutant 384 | -10/Materials | Discovered new exit (range 16) 448 | -10/Materials | Discovered new exit (range 15) 486 | -10/Materials | Entered Mines 489 | -10/Mines | Received a Mining Laser from a helpful Derelict 606 | -10/Mines | A weapon hastily lodged in a ceiling crevice suddenly fell to the ground 656 | -10/Mines | Discovered new exit (range 9) 695 | -10/Mines | Entered Materials 695 | -9/Materials | Accompanied by 1 ally 695 | -9/Materials | Evolved 2 slots: Utility x1, Weapon x1 849 | -9/Materials | Destroyed 7 combat bots 877 | -9/Materials | Core integrity fell below 50% 937 | -9/Materials | Discovered new exit (range 7) 1063 | -9/Materials | Entered another Materials area 1063 | -8/Materials | Evolved 2 slots: Power x1, Utility x1 1251 | -8/Materials | Lost 5 parts (1p2n1u1w) 1430 | -8/Materials | Garrison activated, responded to threat 1507 | -8/Materials | Crushed by falling debris 1537 | -8/Materials | Discovered new exit (range 15) 1548 | -8/Materials | Core integrity fell below 50% 1596 | -8/Materials | Lost 3 parts (2n1u) 1625 | -8/Materials | Entered Factory 1625 | -7/Factory | Evolved 2 slots: Propulsion x1, Utility x1 1976 | -7/Factory | P-60 Hacker assimilated allied WP-MDQ(g) 2051 | -7/Factory | Lost 7 parts (3u4w) 2142 | -7/Factory | System corruption reached 10% 2382 | -7/Factory | Build established: Scavenger-Mutant 2496 | -7/Factory | Core integrity fell below 50% 2538 | -7/Factory | Core integrity fell below 20% 2552 | -7/Factory | Destroyed by H-55 Commando with Gauss Rifle Last Messages --------------- Destabilizing: System interference. Imp. Heat Sink temporarily disabled. Slug penetrates Wall. Slammed into H-55 Commando. Penetrated by Slug. Remote Datajack destroyed. Imp. Heat Sink destroyed. Slammed into H-55 Commando. Penetrated by Slug. System corrupted: Matter fused (-6). Slammed into H-55 Commando. Destabilizing: Core damaged (-7). Slammed into H-55 Commando. Imp. Heat Sink destroyed. System corrupted by crushing effect (+2). Slammed into H-55 Commando. Slug penetrates Wall. Slammed into H-55 Commando. Penetrated by Slug. Slammed into H-55 Commando. Map ----- +----------------------------------------------------+ | ?????????????????????????????????????????????????? | | ?????????????????????????????????????????????????? | | ?????????????????????????????????????????????????? | | ?????????????????????????????????????????????????? | | ?????????????????????????????????????????????????? | | ?????????????????????????????????????????????????? | | ?????????????????????????????????????????????????? | | ???????????????????? ????????????????????????? | | ???????????????????# #???????????????????????? | | ???????????????????# #???????????????????????? | | ???????????????????# #???????????????????????? | | ???????????????????# #???????????????????????? | | ???????????????????# #???????????????????????? | | ?????????????####### ###########+##??????????? | | ?????????????? ??????????? | | ?????????????? ???????????? | | ??????????????? ????????????? | | ???????????????? ?????????????? | | ?????????????????? ??????????????? | | ???????????????????# #????????????????? | | ???????????????????# #????????????????? | | ???????????????????# #????????????????? | | ???????????????????# u #????????????????? | | ???????????????????# #????????????????? | | ???????????????????# +????????????????? | | ???????????????????# @h #????????????????? | | ???????????????????######## #????????????????? | | ??????????????????????????# #????????????????? | | ??????????????????????????# #????????????????? | | ??????????????????????????# #########????????? | | ??????????????????????????# # #????????? | | ??????????????????????????# # #????????? | | ?????????????????########## # #????????? | | ?????????????????# # # """" #????????? | | ?????????????????+ """"" # # """" #######??? | | ?????????????????# ""T"" # # """" # #??? | | ?????????????????# # # """" # #??? | | ?????????????????# !! # # """ + #??? | | ?????????????????# !] """ + + """" # #### | | ?????????????????# !] """ # # """" # # | | ?????????????????# """ # # # # | | ?????????????????# # ######### # | | ?????????????????? ######## # | | ??????????????????????????# # | | ??????????????????????????# # | | ??????????????????????????# # | | ??????????????????????????# # | | ??????????????????????????###########+### # | | ???????????????????????????# " # #### | | ???????????????????????????# "Y # | +----------------------------------------------------+ Best States ------------- Heat Dissipation 62 Energy Generation 15 Energy Capacity 400 Matter Stores 300 Matter Capacity 300 Sight Range 20 Terrain Scan Range 14 Terrain Scan Density 10 Armor Coverage 150 Evasion (%) 55 Target Analysis 5 Recoil Reduction 2 Particle Charging 15 Item Schematics ----------------- None Robot Schematics ------------------ None Fabricated ------------ Nothing Alien Tech Used ----------------- None Achievements -------------- Fist Fight Made in Tau Ceti IV Oops Please Form A Line Remodeling System Compromised Troublemaker Unlikely Earthworm Challenges ------------ None Game ------ Seed ChargeNeutronScythe Manual? 0 Play Time 00:30:58 Cumulative 0.8 hours Start 2024.04.15 @ 20:32:32 End 2024.04.15 @ 21:03:50 Sessions 1 Manual Loads 0 Difficulty Rogue Special Mode None Game No. 4 Rogue 4 Adventurer 0 Explorer 0 Win Type - Total 0 Types 0/0/0/0/0/0/0/0/0 Lore% 0 Gallery% 3 Achievement% 4 Wizard Run 0 Options --------- Layout 1 ASCII 0 Keyboard 1 Movement Arrows Keybinds 0 Fullscreen 1 Font 32/SmallcapsGlow Map View 50x35 Zoom Use 0% Tactical HUD 0 Map Filters NONE Filters NONE Steam 1 RUN: 11e5797b-3c08-45f7-942f-d5d2b4098337